 Dungeon Crawl Stone Soup version 0.29.1-14-g9c671dbff4 (webtiles) character file.

Game seed: 237980457275095563

223 booth the Conjurer (level 6, -4/44 HPs)
             Began as a Gnoll Wanderer on Feb 19, 2023.
             Slain by an ogre
             ... wielding a +0 giant club
              (18 damage)
             ... on level 4 of the Dungeon on Feb 20, 2023.
             The game lasted 00:33:44 (4081 turns).

booth the Conjurer (Gnoll Wanderer)                 Turns: 4081, Time: 00:33:45

Health: -4/44      AC:  4    Str:  9 (11) XL:     6   Next: 0%
Magic:  6/11       EV: 11    Int:  9 (12) God:
Gold:   194        SH:  0    Dex: 11 (13) Spells: 2/11 levels left

rFire   . . .      SeeInvis +   k - +0 dagger (venom)
rCold   . . .      Faith    .   (no shield)
rNeg    . . .      Spirit   .   v - +0 leather armour of Beogh's Delight {*Slow rPois SInv}
rPois   +          Reflect  .   d - +0 helmet
rElec   .          Harm     .   (no cloak)
rCorr   +          Rampage  .   (no gloves)
Will    .....                   (no boots)
Stlth   ++........              (no amulet)
HPRegen 0.14/turn               p - ring of resist corrosion
MPRegen 0.12/turn               (no ring)

@: no status effects
A: fangs 1, strong nose, distributed training
a: no special abilities


You were on level 4 of the Dungeon.
You visited 1 branch of the dungeon, and saw 4 of its levels.

You collected 194 gold pieces.

Inventory:

Hand Weapons
 k - a +0 dagger of venom (weapon)
 o - a +0 mace
 q - a +0 morningstar of holy wrath
Missiles
 j - 11 poisoned darts (quivered)
 r - 4 curare-tipped darts
Armour
 c - a +0 leather armour
 d - a +0 helmet (worn)
 t - a +4 ring mail
 v - the +0 leather armour of Beogh's Delight (worn) {*Slow rPois SInv}
   (You found it on level 4 of the Dungeon)

   rPois:     It protects you from poison.
   SInv:      It lets you see invisible.
   *Slow:     It may slow you when you take damage.
Jewellery
 p - a ring of resist corrosion (left hand)
Scrolls
 a - a scroll of vulnerability
 b - a scroll of butterflies
 h - a scroll of blinking {unknown}
 i - a scroll of enchant weapon {unknown}
 w - a scroll of teleportation
 y - a scroll of magic mapping {unknown}
Potions
 e - 3 potions of heal wounds
 f - 2 potions of curing
 g - 2 potions of might
 l - a potion of flight {unknown}
 m - 2 potions of brilliance
 n - a potion of magic {unknown}
 s - a potion of degeneration
 u - a potion of lignification {unknown}


   Skills:
 + Level 1.8 Fighting
 + Level 1.8 Short Blades
 + Level 1.8 Long Blades
 + Level 1.8 Axes
 + Level 1.8 Maces & Flails
 + Level 1.8 Polearms
 + Level 1.8 Staves
 + Level 1.8 Ranged Weapons
 + Level 1.8 Throwing
 + Level 3.1 Armour
 + Level 1.8 Dodging
 + Level 3.0 Stealth
 + Level 1.8 Shields
 + Level 1.8 Unarmed Combat
 + Level 3.3 Spellcasting
 + Level 7.2 Conjurations
 + Level 1.4 Hexes
 + Level 1.4 Summonings
 + Level 1.4 Necromancy
 + Level 2.5 Translocations
 + Level 1.4 Transmutations
 + Level 1.4 Fire Magic
 + Level 1.4 Ice Magic
 + Level 1.4 Air Magic
 + Level 1.4 Earth Magic
 + Level 1.4 Poison Magic
 + Level 3.3 Invocations
 + Level 3.1 Evocations


You had 2 spell levels left.
You knew the following spells:

 Your Spells              Type           Power      Damage    Failure   Level
a - Magic Dart            Conj           56%        1d5       1%          1
b - Shock                 Conj/Air       36%        1d5       7%          1
c - Apportation           Tloc           12%        N/A       14%         1
d - Dazzling Flash        Conj/Hex       18%        N/A       21%         3
e - Foxfire               Conj/Fire      36%        2x1d5     7%          1
f - Searing Ray           Conj           28%        2d5       3%          2

Your spell library contained the following spells:

 Spells                   Type           Power      Damage    Failure   Level
 Static Discharge         Conj/Air       9%         3-5/arc   10%         2
 Sandblast                Erth           8%         2d5       22%         1
 Passwall                 Tmut/Erth      3%         N/A       32%         2
 Conjure Flame            Conj/Fire      9%         6-21      21%         3
 Stone Arrow              Conj/Erth      18%        3d8       21%         3
 Gell's Gravitas          Tloc           6%         N/A       38%         3
 Iskenderun's Battlesphe  Conj           14%        2d7       50%         5
 Flame Wave               Conj/Fire      9%         2d6       54%         4
 Fulminant Prism          Conj/Hex       4%         3d6       54%         4
 Metabolic Englaciation   Hex/Ice        2%         N/A       99%         5
 Malign Gateway           Summ/Tloc      2%         N/A       100%        7
 Summon Hydra             Summ           2%         N/A       100%        7


Dungeon Overview and Level Annotations

Branches:
Dungeon (4/15)
 Temple: D:4-7

Altars:
Hepliaklqana
Okawaru
Ru


Innate Abilities, Weirdness & Mutations

You have very sharp teeth.
Your uncanny sense of smell can sniff out nearby items.
Your experience applies equally to all skills.


Message History

Confirm with . or Enter, or press ? or * to list all spells.
Aiming: Magic Dart (safe; 1% risk of failure)
Press: ? - help, Shift-Dir - straight line, f - orc
Aim: an orc, wielding a +0 short sword (100% to hit)
The magic dart hits the orc.
The orc is heavily wounded.
You closely miss the orc.
The orc is heavily wounded.
The orc hits you with a +0 short sword.
You hit the orc. You bite the orc, but do no damage.
The orc is almost dead.
The orc hits you with a +0 short sword.
You hit the orc.
You kill the orc!
You have reached level 6!
You see here a +0 short sword.
You start resting.
Magic restored.
You start resting.
An ogre is nearby!
Casting: Magic Dart (safe; 1% risk of failure)
Confirm with . or Enter, or press ? or * to list all spells.
Aiming: Searing Ray (safe; 3% risk of failure)
Press: ? - help, Shift-Dir - straight line, f - ogre
Aim: an ogre, wielding a +0 giant club (89% to hit)
The searing ray hits the ogre.
The ogre is lightly wounded. (Press . to maintain the ray.)
The searing ray hits the ogre!
The ogre is heavily wounded.
The ogre hits you with a +0 giant club!!
Ouch! That really hurt!
* * * LOW HITPOINT WARNING * * *
The searing ray hits the ogre.
The ogre is severely wounded.
The searing ray hits the ogre.
The ogre is severely wounded.
You finish channelling your searing ray.
The ogre hits you with a +0 giant club!!
You die...

#.. ######..#
O.## #..#
#..# ..<
#..########
#..######.###
..........#
#.....).....#
#...#####.#
#.###########
#...#..<#.#
#.#
..>.#.###.#
#.#
##..#.....#
#O#
.=..#######
#@# ###.# #.#
#.# #.. #.#
###. #.# .#
#.# # #.#
∆#.# #.#


You could see an ogre.

Vanquished Creatures
  A hound (D:4)
  A jelly (D:4)
  Jessica (D:3)
  An orc wizard (D:2)
  2 adders (D:2)
  An ufetubus (D:4)
  A worm (D:4)
  2 dart slugs
  10 orcs
  6 endoplasms
  4 giant cockroaches
  7 goblins
  4 hobgoblins
  3 quokkas
  5 ball pythons
  5 bats
  7 frilled lizards
  6 kobolds
  5 rats
72 creatures vanquished.

Vanquished Creatures (others)
  4 foxfires (D:3)
  2 plants (D:3)
6 creatures vanquished.

Grand Total: 78 creatures vanquished

Notes
Turn   | Place    | Note
-------+----------+-------------------------------------------
     0 | D:1      | booth the Gnoll Wanderer began the quest for the Orb.
     0 | D:1      | booth set off with the following items: a +0 dagger, a
                  | scroll of butterflies, a +0 leather armour, a +0 helmet;
                  | and the following spells available to memorise: Magic Dart,
                  | Shock, Apportation, Dazzling Flash, Gell's Gravitas.
     0 | D:1      | Reached XP level 1. HP: 13/13 MP: 4/4
     2 | D:1      | Learned a level 1 spell: Magic Dart
     4 | D:1      | Learned a level 1 spell: Shock
     6 | D:1      | Learned a level 1 spell: Apportation
   229 | D:1      | Reached XP level 2. HP: 17/19 MP: 5/5
   243 | D:1      | Got the Parchment of Beguiling and Leadership
   928 | D:1      | Reached XP level 3. HP: 25/25 MP: 7/7
  1017 | D:1      | Learned a level 3 spell: Dazzling Flash
  1172 | D:1      | Identified a scroll of acquirement
  1173 | D:1      | Acquired the Exposition on Combative Cold
  1177 | D:1      | Learned a level 1 spell: Foxfire
  1232 | D:2      | Found a hazy altar of Hepliaklqana.
  1581 | D:2      | Found a faded altar of an unknown god.
  1668 | D:2      | Reached skill level 1 in Fighting
  1668 | D:2      | Reached skill level 1 in Short Blades
  1668 | D:2      | Reached skill level 1 in Long Blades
  1668 | D:2      | Reached skill level 1 in Axes
  1668 | D:2      | Reached skill level 1 in Maces & Flails
  1668 | D:2      | Reached skill level 1 in Polearms
  1668 | D:2      | Reached skill level 1 in Staves
  1668 | D:2      | Reached skill level 1 in Ranged Weapons
  1668 | D:2      | Reached skill level 1 in Throwing
  1668 | D:2      | Reached skill level 1 in Dodging
  1668 | D:2      | Reached skill level 1 in Shields
  1668 | D:2      | Reached skill level 1 in Unarmed Combat
  2037 | D:2      | Reached XP level 4. HP: 30/32 MP: 2/8
  2100 | D:3      | Noticed Jessica
  2162 | D:2      | Reached skill level 1 in Hexes
  2162 | D:2      | Reached skill level 1 in Summonings
  2162 | D:2      | Reached skill level 1 in Necromancy
  2162 | D:2      | Reached skill level 1 in Transmutations
  2162 | D:2      | Reached skill level 1 in Fire Magic
  2162 | D:2      | Reached skill level 1 in Ice Magic
  2162 | D:2      | Reached skill level 1 in Air Magic
  2162 | D:2      | Reached skill level 1 in Earth Magic
  2162 | D:2      | Reached skill level 1 in Poison Magic
  2324 | D:2      | Learned a level 2 spell: Searing Ray
  2338 | D:3      | Killed Jessica
  2339 | D:3      | Reached XP level 5. HP: 37/37 MP: 1/9
  2897 | D:3      | Found a sacrificial altar of Ru.
  2905 | D:3      | Found an iron altar of Okawaru.
  3600 | D:4      | Identified the +0 leather armour of Beogh's Delight {*Slow
                  | rPois SInv}
  3648 | D:4      | Noticed a black bear
  4032 | D:4      | Noticed an ogre
  4042 | D:4      | Reached XP level 6. HP: 37/44 MP: 9/11
  4081 | D:4      | Slain by an ogre

Illustrated notes

Levels and vault maps discovered:
D:1:      lemuel_arrival_broad_hall, layout_loops_ring, minmay_cupped
D:2:      layout_loops_ring, basic_altar, dreamdust_ecumenical_altar_statues
D:3:      layout_basic, mainiacjoe_overflow_big_doors, serial_curves,
          eino_curves_02, eino_curves_04, eino_curves_02, uniq_jessica
D:4:      layout_basic

Skill      XL: |  1  2  3  4  5 |
---------------+----------------+-----
Translocations | 2 |  2.5
Fighting       | 1 |  1.8
Short Blades   | 1 |  1.8
Long Blades    | 1 |  1.8
Axes           | 1 |  1.8
Maces & Flails | 1 |  1.8
Polearms       | 1 |  1.8
Staves         | 1 |  1.8
Ranged Weapons | 1 |  1.8
Throwing       | 1 |  1.8
Dodging        | 1 |  1.8
Shields        | 1 |  1.8
Unarmed Combat | 1 |  1.8
Spellcasting   | 3 |  3.3
Hexes          | 1 |  1.4
Summonings     | 1 |  1.4
Necromancy     | 1 |  1.4
Transmutations | 1 |  1.4
Fire Magic     | 1 |  1.4
Ice Magic      | 1 |  1.4
Air Magic      | 1 |  1.4
Earth Magic    | 1 |  1.4
Poison Magic   | 1 |  1.4
Invocations    | 3 |  3.3
Armour         | 3 |  3.1
Evocations     | 3 |  3.1
Stealth        | 3 |  3.0
Conjurations   | |  7.2

Action                   |  1- 3 |  4- 6 || total
-------------------------+-------+-------++-------
Melee: Dagger            |    49 |    66 ||   115
       Bite              |     3 |     6 ||     9
 Cast: Magic Dart        |    46 |    30 ||    76
       Shock             |     3 |    12 ||    15
       Foxfire           |     2 |       ||     2
       Apportation       |     1 |       ||     1
       Searing Ray       |       |     1 ||     1
  Use: Scroll            |     6 |     2 ||     8
       Potion            |     1 |     3 ||     4
 Stab: Sleeping          |       |     2 ||     2
Armor: Leather armour    |    17 |    25 ||    42
Dodge: Dodged            |    38 |    40 ||    78
